 Dungeon Crawl Stone Soup version 0.27.1-1-g398f81649c (webtiles) character file.

Game seed: 14485975842972886105

453 funkygono the Firebug (level 7, 0/37 HPs)
             Began as a Gargoyle Fire Elementalist on Sept 5, 2021.
             Slain by a two-headed ogre (10 damage)
             ... on level 4 of the Dungeon.
             The game lasted 00:05:51 (3713 turns).

funkygono the Firebug (Gargoyle Fire Elementalist)  Turns: 3713, Time: 00:05:52

Health: 0/37       AC:  7    Str: 12    XL:     7   Next: 5%
Magic:  4/13       EV: 12    Int: 17    God:
Gold:   128        SH:  0    Dex: 10    Spells: 1/14 levels left

rFire    . . .     SeeInvis .   g - +1 morningstar (vorpal)
rCold    . . .     Faith    .   (no shield)
rNeg     + . .     Spirit   .   a - +0 robe
rPois    ∞         Reflect  .   (no helmet)
rElec    +         Harm     .   k - +0 cloak
rCorr    .         Rampage  .   (no gloves)
Will     .....                  (no boots)
Stlth    ++........             (no amulet)
HPRegen  0.12/turn              (no ring)
MPRegen  0.13/turn              (no ring)

@: no status effects
A: sickness immunity, AC +4, negative energy resistance 1, electricity
resistance, torment resistance 1, petrification resistance
a: no special abilities


You were on level 4 of the Dungeon.
You visited 1 branch of the dungeon, and saw 4 of its levels.

You collected 128 gold pieces.

Inventory:

Hand Weapons
 g - a +1 vorpal morningstar (weapon)
 j - a +0 mace
Missiles
 b - 82 stones
Armour
 a - a +0 robe (worn)
 k - a +0 cloak (worn)
Jewellery
 e - an amulet of guardian spirit
Scrolls
 c - 2 scrolls of identify
 f - a scroll of blinking {unknown}
Potions
 d - 2 potions of berserk rage
 h - 2 potions of haste {unknown}
 i - 2 potions of flight {unknown}


   Skills:
 + Level 0.5 Fighting
 + Level 0.5 Maces & Flails
 + Level 1.6 Dodging
 - Level 2.1 Stealth
 * Level 4.0 Spellcasting
 * Level 4.0 Conjurations
 * Level 5.2 Fire Magic


You had one spell level left.
You knew the following spells:

 Your Spells              Type           Power      Damage    Failure   Level
a - Foxfire               Conj/Fire      76%        2x1d7     2%          1
b - Conjure Flame         Conj/Fire      19%        6-21      7%          3
c - Sticky Flame          Conj/Fire      19%        2d4       24%         4
d - Fireball              Conj/Fire      9%         3d6       54%         5

Your spell library contained the following spells:

 Spells                   Type           Power      Damage    Failure   Level
 Inner Flame              Hex/Fire       12%        N/A       16%         3
 Cause Fear               Hex            1%         N/A       83%         4
 Dragon Form              Tmut           1%         N/A       100%        7
 Dragon's Call            Summ           1%         N/A       100%        9


Dungeon Overview and Level Annotations

Branches:
Dungeon (4/15)
 Temple: D:4-7

Altars:
Hepliaklqana

Shops:
D:2 =


Innate Abilities, Weirdness & Mutations

You are immune to sickness and miasma.
Your stone body is resilient. (AC +4)
You are immune to poison.
You resist negative energy. (rN+)
You are resistant to electric shocks. (rElec)
You are resistant to unholy torment.
You are immune to petrification.


Message History

The foxfire hits the two-headed ogre.
The two-headed ogre is moderately wounded.
Casting: Foxfire (safe; 2% risk of failure)
Confirm with . or Enter, or press ? or * to list all spells.
You conjure some foxfire!
The foxfire hits the two-headed ogre.
The two-headed ogre is heavily wounded.
The foxfire hits the two-headed ogre.
The two-headed ogre is heavily wounded.
The foxfire hits the two-headed ogre but does no damage.
The two-headed ogre is heavily wounded.
Casting: Foxfire (safe; 2% risk of failure)
Confirm with . or Enter, or press ? or * to list all spells.
You conjure some foxfire!
The foxfire hits the two-headed ogre.
The two-headed ogre is heavily wounded.
Unknown command.
Casting: Foxfire (safe; 2% risk of failure)
Confirm with . or Enter, or press ? or * to list all spells.
You conjure some foxfire!
The foxfire hits the two-headed ogre.
The two-headed ogre is severely wounded.
The foxfire hits the two-headed ogre but does no damage.
The two-headed ogre is severely wounded.
The two-headed ogre hits you with a +0 giant spiked club!
The two-headed ogre barely misses you.
Casting: Foxfire (safe; 2% risk of failure)
Confirm with . or Enter, or press ? or * to list all spells.
You conjure some foxfire!
The two-headed ogre hits you with a +0 giant spiked club!
* * * LOW HITPOINT WARNING * * *
The two-headed ogre closely misses you.
Unknown command.
The foxfire hits the two-headed ogre.
The two-headed ogre is severely wounded.
The foxfire hits the two-headed ogre but does no damage.
The two-headed ogre is severely wounded.
The foxfire hits the two-headed ogre.
The two-headed ogre is severely wounded.
The foxfire hits the two-headed ogre but does no damage.
The two-headed ogre is severely wounded.
The two-headed ogre hits you with a +0 giant spiked club!
You die...

#. #(# #.# #.# #.# #.#
#.# #.# #.# #.# #.#
#.# .######.##### #.#
..[....O.§..# #.#
######@.§#.# #.#
###.#.# #.# #######
##.#.######.# ......#
#######...........#
#####.#
#.......#..######## ##
#.#####..........#
.####.........>......#
.......##.#......#...#
.......##.#..........#


You could see a two-headed ogre.

Vanquished Creatures
  A water moccasin (D:4)
  2 phantoms (D:4)
  A scorpion (D:4)
  2 hounds (D:4)
  2 adders (D:2)
  A worm (D:3)
  A dart slug (D:2)
  10 orcs
  An endoplasm (D:2)
  A giant cockroach (D:4)
  6 goblins
  7 hobgoblins
  3 kobolds (D:1)
  2 quokkas
  5 ball pythons
  5 bats
  3 frilled lizards
  3 rats (D:3)
56 creatures vanquished.

Vanquished Creatures (others)
  225 foxfires
225 creatures vanquished.

Grand Total: 281 creatures vanquished

Notes
Turn   | Place    | Note
-------+----------+-------------------------------------------
     0 | D:1      | funkygono the Gargoyle Fire Elementalist began the quest
                  | for the Orb.
     0 | D:1      | Reached XP level 1. HP: 10/10 MP: 3/3
   144 | D:1      | Reached XP level 2. HP: 15/15 MP: 0/5
   623 | D:1      | Found a faded altar of an unknown god.
  1029 | D:2      | Reached XP level 3. HP: 19/19 MP: 2/6
  1033 | D:2      | Learned a level 3 spell: Conjure Flame
  1309 | D:2      | Found a hazy altar of Hepliaklqana.
  1638 | D:2      | Found Lihe's Jewellery Shoppe.
  1925 | D:3      | Reached skill level 4 in Fire Magic
  2012 | D:3      | Reached XP level 4. HP: 24/24 MP: 4/7
  2735 | D:3      | Learned a level 4 spell: Sticky Flame
  2871 | D:4      | Noticed a scorpion
  2877 | D:4      | Killed a scorpion
  2878 | D:4      | Reached XP level 5. HP: 28/28 MP: 2/9
  2995 | D:4      | Noticed a phantom
  3004 | D:4      | Killed a phantom
  3004 | D:4      | Noticed a water moccasin
  3005 | D:4      | Reached XP level 6. HP: 28/32 MP: 1/11
  3016 | D:4      | Killed a water moccasin
  3017 | D:4      | Reached skill level 5 in Fire Magic
  3363 | D:4      | Reached XP level 7. HP: 10/37 MP: 2/13
  3369 | D:4      | Learned a level 5 spell: Fireball
  3702 | D:4      | Noticed a two-headed ogre
  3713 | D:4      | Slain by a two-headed ogre

Illustrated notes

Levels and vault maps discovered:
D:1:      minmay_arrival_stone_box, layout_basic,
          dreamdust_ecumenical_altar_statues
D:2:      layout_loops_ring, basic_altar, serial_shops, shop
D:3:      layout_basic
D:4:      layout_loops_ring

Skill      XL: |  1  2  3  4  5  6  7 |
---------------+----------------------+-----
Conjurations   | 2 3 4 |  4.0
Fire Magic     | 4 5 |  5.2
Spellcasting   | 3 4 |  4.0
Fighting       | |  0.5
Maces & Flails | |  0.5
Dodging        | |  1.6
Stealth        | |  2.1

Action                   |  1- 3 |  4- 6 |  7- 9 || total
-------------------------+-------+-------+-------++-------
Melee: Club              |     2 |       |       ||     2
       Mace              |       |     9 |       ||     9
       Morningstar       |       |     2 |       ||     2
 Cast: Foxfire           |    57 |    61 |    13 ||   131
  Use: Scroll            |       |     4 |       ||     4
Armor: Robe              |    10 |     5 |       ||    15
Dodge: Dodged            |    11 |    16 |     2 ||    29
